 Dungeon Crawl Stone Soup version 0.28.0-45-g0d030f2227 (webtiles) character file.

Game seed: 5126532359719135597

180 NinjaNoafa the Skirmisher (level 5, -4/47 HPs)
             Began as a Minotaur Fighter on Apr 7, 2022.
             Slain by a gnoll
             ... wielding a +0 club
              (6 damage)
             ... on level 4 of the Dungeon.
             The game lasted 00:04:17 (2561 turns).

NinjaNoafa the Skirmisher (Minotaur Fighter)        Turns: 2561, Time: 00:04:19

Health: -4/47      AC:  7    Str: 22 (23) XL:     5   Next: 33%
Magic:  4/4        EV:  9    Int:  3 (5)  God:
Gold:   132        SH:  4    Dex:  6 (9)  Spells: 4/4 levels left

rFire   . . .      SeeInvis .   a - +0 long sword
rCold   . . .      Faith    +   c - +0 buckler
rNeg    . . .      Spirit   .   b - +0 scale mail
rPois   .          Reflect  .   (helmet restricted)
rElec   .          Harm     .   (no cloak)
rCorr   .          Rampage  .   (no gloves)
Will    .....                   (no boots)
Stlth   ..........              p - amulet of faith
HPRegen 0.15/turn               (no ring)
MPRegen 0.09/turn               (no ring)

@: brilliant, flying
A: horns 2, retaliatory headbutt
a: no special abilities


You were on level 4 of the Dungeon.
You visited 1 branch of the dungeon, and saw 4 of its levels.

You collected 132 gold pieces.

Inventory:

Hand Weapons
 a - a +0 long sword (weapon)
Missiles
 e - 6 poisoned darts
 n - 73 stones
 r - 5 boomerangs (quivered)
 s - 6 javelins
Armour
 b - a +0 scale mail (worn)
 c - a +0 buckler (worn)
Jewellery
 p - an amulet of faith (around neck)
 t - a +4 ring of evasion
Wands
 m - a wand of flame (12)
Scrolls
 g - 4 scrolls of identify {unknown}
 h - a scroll of teleportation {unknown}
 j - 2 scrolls of enchant armour {unknown}
 l - a scroll of enchant weapon {unknown}
 o - a scroll of silence {unknown}
Potions
 k - a potion of heal wounds {unknown}
 q - a potion of curing {unknown}
 u - a potion of magic {unknown}


   Skills:
 + Level 4.8 Fighting
 + Level 3.9 Long Blades
 * Level 0.3 Throwing
 + Level 4.8 Armour
 + Level 4.7 Shields


You had 4 spell levels left.
You didn't know any spells.
Your spell library contained the following spells:

 Spells                   Type           Power      Damage    Failure   Level
 Sublimation of Blood     Necr           0%         N/A       96%         2
 Petrify                  Tmut/Erth      0%         N/A       100%        4
 Irradiate                Conj/Tmut      0%         3d13      100%        5


Dungeon Overview and Level Annotations

Branches:
Dungeon (4/15)
 Temple: D:4-7

Altars:


Innate Abilities, Weirdness & Mutations

You have a pair of horns on your head.
You reflexively headbutt those who attack you in melee.


Message History

The gnoll is heavily wounded.
You block the gnoll's attack. The gnoll hits you with a +0 club.
A kobold comes into view. It is wielding a +0 dagger.
You block the gnoll's attack.
You hit the gnoll.
You headbutt the gnoll, but do no damage.
The gnoll is severely wounded.
The ufetubus closely misses you.
The ufetubus hits you but does no damage.
The quokka barely misses you. The gnoll hits you but does no damage.
You block the gnoll's attack. x2; The ufetubus hits you. x2
You block the quokka's attack. The gnoll hits you with a +0 club. x2
Sorry, you're not good enough to have a special ability.
It was a potion of degeneration.
There was something very wrong with that liquid.
You feel weakened.
You feel dopey.
You feel clumsy. The gnoll barely misses you. You block the ufetubus's attack.
The ufetubus closely misses you. The quokka bites you.
The gnoll hits you with a +0 club. x2
* * * LOW HITPOINT WARNING * * *
It was a potion of flight.
You feel very buoyant.
You fly up into the air.
The ufetubus hits you but does no damage.
The ufetubus barely misses you.
The gnoll hits you from afar with a +0 halberd.
* * * LOW HITPOINT WARNING * * *
You block the quokka's attack.
The ufetubus hits you but does no damage.
The ufetubus hits you.
* * * LOW HITPOINT WARNING * * *
The gnoll barely misses you. The gnoll hits you with a +0 club.
* * * LOW HITPOINT WARNING * * *
It was a potion of brilliance.
You feel clever all of a sudden.
The gnoll hits you from afar with a +0 halberd.
* * * LOW HITPOINT WARNING * * *
The ufetubus barely misses you. The ufetubus closely misses you.
The quokka barely misses you. The gnoll hits you with a +0 club.
You die...

..#............
..#............
........(.....
#............
#..........# .
#..........#
....#K.r.......#
.....g.@5<.....#
.....ggg........#
##.#...........##
#..###.........
#.. .......... #.
###........ .
#........ ..
.........


You could see 3 gnolls, an ufetubus, a quokka, a hobgoblin and a kobold.

Vanquished Creatures
  A necrophage (D:2)
  Natasha (D:2)
  2 adders
  2 dart slugs (D:2)
  5 ball pythons
  2 endoplasms
  3 giant cockroaches (D:2)
  7 hobgoblins
  3 jackals (D:2)
  4 kobolds
  3 quokkas
  3 bats
  5 frilled lizards
  5 goblins
  7 rats
53 creatures vanquished.

Notes
Turn   | Place    | Note
-------+----------+-------------------------------------------
     0 | D:1      | NinjaNoafa the Minotaur Fighter began the quest for the
                  | Orb.
     0 | D:1      | Reached XP level 1. HP: 19/19 MP: 0/0
   246 | D:1      | Reached XP level 2. HP: 23/27 MP: 1/1
   993 | D:2      | Found a faded altar of an unknown god.
  1151 | D:2      | Reached XP level 3. HP: 31/33 MP: 2/2
  1218 | D:2      | Noticed Natasha
  1223 | D:2      | Killed Natasha
  1552 | D:2      | Reached XP level 4. HP: 38/41 MP: 3/3
  1673 | D:2      | Noticed a necrophage
  1680 | D:2      | Killed a necrophage
  1681 | D:2      | Reached XP level 5. HP: 37/47 MP: 4/4
  2561 | D:4      | HP: 2/47 [gnoll/+0 halberd (4)]
  2561 | D:4      | Slain by a gnoll

Illustrated notes

Levels and vault maps discovered:
D:1:      lightli_arrival_windingriver, layout_basic, serial_glass,
          glass_columns_c, glass_columns_c, lemuel_old_faithful
D:2:      minmay_angry_zag, layout_basic, ebering_ecumenical_altar_hall,
          uniq_natasha
D:3:      layout_loops_ring
D:4:      layout_cave_pools, minmay_fire_ice_demons

Skill      XL: |  1  2 |
---------------+-------+-----
Fighting       | 4 |  4.8
Long Blades    | 3 |  3.9
Armour         | 4 |  4.8
Shields        | 4 |  4.7
Throwing       | |  0.3

Action                   |  1- 3 |  4- 6 || total
-------------------------+-------+-------++-------
Melee: Long sword        |    74 |    35 ||   109
       Headbutt          |    10 |     5 ||    15
Throw: Dart              |     1 |       ||     1
       Boomerang         |       |     2 ||     2
  Use: Potion            |       |     4 ||     4
Armor: Scale mail        |    28 |    25 ||    53
Dodge: Dodged            |    36 |    22 ||    58
Block: Buckler           |    17 |    13 ||    30
